[Event "Titled Tuesday Blitz November 08 Early 2022"]
[White "Lehtosaari, Mauri"]
[Black "Savic, Miomir"]
[WhiteFideId "501999"]
[BlackFideId "934550"]
[WhiteElo "2518"]
[BlackElo "2122"]
[Result "0-1"]
[Round "06"]
[TimeControl "180+1"]
[Date "2022.11.09"]
[WhiteClock "0:00:13"]
[BlackClock "0:00:59"]

1. d4 c5 2. e3 d5 3. Nf3 Nf6 4. c4 e6 5. Nc3 Nc6 6. cxd5 exd5 7. Be2 c4 8. O-O Bb4 9. Bd2 O-O 10. b3 cxb3 11. Qxb3 Qd6 12. Nb5 Qe7 13. Bxb4 Nxb4 14. Ne5 Nc6 15. Nxc6 bxc6 16. Nc3 Bf5 17. Na4 Ne4 18. Qb2 Qg5 19. Bf3 h5 20. Kh1 Rab8 21. Qc1 Rfe8 22. Nc5 Nd6 23. h3 Qh4 24. Kh2 g5 25. Bd1 g4 26. Bc2 gxh3 27. g3 Qg4 28. Bd1 Qg6 29. Bf3 Nc4 30. Qd1 Nxe3 31. fxe3 Rb2+ 32. Kh1 Qxg3 33. Be2 Be4+ 34. Nxe4 Qg2# 0-1


[Site "https://www.chess.com"]

[Event "Titled Tuesday Blitz November 08 Early 2022"]
[White "Lewtak, Damian"]
[Black "Zhigalko, Sergei"]
[WhiteFideId "1141724"]
[BlackFideId "13502956"]
[WhiteElo "2587"]
[BlackElo "2868"]
[Result "0-1"]
[Round "06"]
[TimeControl "180+1"]
[Date "2022.11.09"]
[WhiteClock "0:00:28"]
[BlackClock "0:00:03"]

1. b3 e5 2. g3 Nf6 3. Bg2 d5 4. Bb2 Bd6 5. e3 O-O 6. Ne2 Re8 7. d3 a5 8. a4 c6 9. Nd2 Na6 10. O-O Nb4 11. h3 h6 12. e4 Bc5 13. Kh2 dxe4 14. dxe4 b6 15. Nc4 Ba6 16. f4 exf4 17. Rxf4 Nh5 18. Rf5 g6 19. Nd4 Ng7 20. Rf1 Bxc4 21. bxc4 Bxd4 22. Bxd4 Nxc2 23. Bc3 Qxd1 24. Rfxd1 Nxa1 25. Bxa1 Rad8 26. Rb1 Rb8 27. e5 c5 28. Bc6 Red8 29. Bd5 Ne6 30. Bc3 Rd7 31. Bxa5 Nc7 32. Bxb6 Nxd5 33. cxd5 Rxd5 34. a5 Rxe5 35. Rc1 Re2+ 36. Kg1 Rc8 37. a6 Rb2 38. Bxc5 Ra2 39. a7 Rxa7 0-1


[Site "https://www.chess.com"]

[Event "Titled Tuesday Blitz November 08 Early 2022"]
[White "Liyanage, Ranindu Dilshan"]
[Black "D`Arruda, Ricardo D."]
[WhiteFideId "9915834"]
[BlackFideId "100692"]
[WhiteElo "2210"]
[BlackElo "2515"]
[Result "0-1"]
[Round "06"]
[TimeControl "180+1"]
[Date "2022.11.09"]
[WhiteClock "0:00:11"]
[BlackClock "0:00:10"]

1. d4 Nf6 2. c4 e5 3. dxe5 Ne4 4. Nf3 Nc6 5. Qc2 d5 6. exd6 Bf5 7. Qa4 Bxd6 8. e3 Qf6 9. Nbd2 Nc5 10. Qd1 O-O-O 11. Be2 Nd3+ 12. Kf1 Rhe8 13. Nb3 Be5 14. Nbd4 Nxd4 15. exd4 Bxd4 16. Bxd3 Bxf2 17. Bxf5+ Qxf5 18. Kxf2 Rxd1 19. Rxd1 Qc2+ 20. Bd2 Qxc4 21. Re1 Rd8 22. Bc3 Qc5+ 23. Kf1 g5 24. Rad1 Rxd1 25. Rxd1 g4 26. Ne5 b5 27. Nxg4 Qc4+ 28. Kf2 Qxg4 29. Rd4 Qf5+ 30. Ke2 Qe6+ 31. Kf2 Qxa2 32. Rf4 a5 33. Rh4 b4 34. Be5 c5 35. Rxh7 a4 36. h4 a3 37. Rh8+ Kd7 38. Ra8 Qd5 39. Bh8 Qxa8 0-1


[Site "https://www.chess.com"]

[Event "Titled Tuesday Blitz November 08 Early 2022"]
[White "Luberanski, Jakub"]
[Black "Jobava, Baadur"]
[WhiteFideId "21830509"]
[BlackFideId "13601520"]
[WhiteElo "2109"]
[BlackElo "2582"]
[Result "0-1"]
[Round "06"]
[TimeControl "180+1"]
[Date "2022.11.09"]
[WhiteClock "0:00:01"]
[BlackClock "0:00:09"]

1. Nf3 d5 2. g3 c6 3. Bg2 Nf6 4. O-O Bf5 5. d3 e6 6. Nbd2 Be7 7. b3 O-O 8. Bb2 h6 9. c4 Bh7 10. Rc1 a5 11. a3 Na6 12. Rc2 Re8 13. Qa1 Bf8 14. Rfc1 Nd7 15. Ne5 Nxe5 16. Bxe5 Bg6 17. h4 f6 18. Bb2 Bf7 19. Rd1 e5 20. cxd5 cxd5 21. Rdc1 Qd7 22. Kh2 Be6 23. Nf1 Rac8 24. Qb1 Nc5 25. Bc3 d4 26. Bxa5 Nxb3 27. Rxc8 Rxc8 28. Rxc8 Qxc8 29. Bb4 b5 30. Bxf8 Qxf8 31. Bh3 Bf7 32. Qb2 Qc5 33. Bg4 Qc3 34. Qb1 Qc5 35. Qb2 Kf8 36. Bd7 Ke7 37. Bg4 Qc3 38. Qb1 h5 39. Bf3 Qc5 40. Qb2 Qc3 41. Qb1 Kd6 42. Kg1 g6 43. e3 Qc1 44. Qa2 Be6 45. Kg2 Nc5 46. Qe2 Qxa3 47. exd4 exd4 48. Nd2 f5 49. Nb1 Qxd3 50. Qb2 Bc4 51. Na3 Bb3 52. Be2 Bd5+ 53. Kh2 Qe4 54. Nxb5+ Ke5 55. f3 Qe3 56. f4+ Ke6 57. Nxd4+ Kf7 58. Qc2 Qf2+ 0-1


[Site "https://www.chess.com"]

[Event "Titled Tuesday Blitz November 08 Early 2022"]
[White "Luxama, Jacques Muller"]
[Black "Goncalves, Davi Sulzbacher"]
[WhiteFideId "11900113"]
[BlackFideId "2154510"]
[WhiteElo "1931"]
[BlackElo "2182"]
[Result "0-1"]
[Round "06"]
[TimeControl "180+1"]
[Date "2022.11.09"]
[WhiteClock "0:00:02"]
[BlackClock "0:01:36"]

1. e4 c6 2. d4 g6 3. Nc3 d6 4. h4 h5 5. Nf3 Bg7 6. Bc4 Bg4 7. Bg5 b5 8. Be2 a5 9. Ng1 Bd7 10. a4 b4 11. Nb1 Qb6 12. Nf3 Bg4 13. Be3 Nf6 14. Nbd2 Nbd7 15. Ng1 Bxe2 16. Nxe2 Ng4 17. Nc4 Qa6 18. Qd3 Nxe3 19. Nxe3 Qxd3 20. cxd3 c5 21. Nd5 Rc8 22. Rc1 e6 23. Ne3 Ke7 24. Nc4 cxd4 25. O-O Rc5 26. Rc2 Rhc8 27. Rd2 d5 28. exd5 exd5 29. b3 dxc4 30. dxc4 Rd8 31. Nc1 Nf6 32. Nd3 Rc7 33. Re2+ Kf8 34. Rfe1 Nd7 35. Re7 Bf6 36. R7e4 Nc5 37. Nxc5 Rxc5 38. Rd1 Re5 39. Rxe5 Bxe5 40. Rd3 Ke7 41. g3 Ke6 42. Kg2 Kf5 43. Kf3 f6 44. Ke2 g5 45. Rf3+ Ke4 46. Rd3 g4 47. f3+ gxf3+ 48. Rxf3 d3+ 49. Kf2 d2 50. Re3+ Kf5 51. Rf3+ Kg4 52. Rf4+ Bxf4 0-1


[Site "https://www.chess.com"]

[Event "Titled Tuesday Blitz November 08 Early 2022"]
[White "Madaminov, Mukhiddin"]
[Black "Tokhirjonova, Gulrukhbegim"]
[WhiteFideId "14210703"]
[BlackFideId "14203626"]
[WhiteElo "2816"]
[BlackElo "2559"]
[Result "1/2-1/2"]
[Round "06"]
[TimeControl "180+1"]
[Date "2022.11.09"]
[WhiteClock "0:02:34"]
[BlackClock "0:02:48"]

1. e4 e5 2. Nf3 Nc6 3. Bb5 a6 4. Ba4 Nf6 5. O-O Nxe4 6. d4 b5 7. Bb3 d5 8. dxe5 Be6 9. Qe2 Be7 10. Rd1 O-O 11. c4 bxc4 12. Bxc4 Bc5 13. Be3 Bxe3 14. Qxe3 Na5 15. Bd3 1/2-1/2


[Site "https://www.chess.com"]

[Event "Titled Tuesday Blitz November 08 Early 2022"]
[White "Makhmudov, Shukhrat"]
[Black "Cramling Bellon, Anna"]
[WhiteFideId "14200775"]
[BlackFideId "32009232"]
[WhiteElo "2135"]
[BlackElo "1972"]
[Result "0-1"]
[Round "06"]
[TimeControl "180+1"]
[Date "2022.11.09"]
[WhiteClock "0:00:38"]
[BlackClock "0:00:08"]

1. e4 c5 2. b4 cxb4 3. a3 b3 4. c3 d5 5. e5 Nc6 6. d4 Bf5 7. Qxb3 Qb6 8. Qxb6 axb6 9. Bb5 e6 10. a4 Ne7 11. Ba3 g5 12. f3 h5 13. h3 Bg7 14. Nd2 f6 15. exf6 Bxf6 16. Ne2 Kf7 17. Kf2 g4 18. h4 Bc2 19. Bd6 Nf5 20. Bc7 Bxh4+ 21. g3 Bg5 22. f4 Bd8 23. Be5 Nxe5 24. fxe5 Bg5 25. Ra2 Be3+ 26. Kg2 Bxd2 27. Rxc2 Ne3+ 28. Kf2 Nxc2 29. Bd3 Ne3 30. Nf4 Nf5 31. Nxd5 Raf8 32. Nxb6 Ke7 33. Bxf5 Rxf5+ 34. Ke2 Bxc3 35. d5 Rxe5+ 36. Kd3 Ba5 37. d6+ Kd8 38. Nc4 Rd5+ 39. Ke4 Bc3 40. Rc1 Bb4 41. Nb6 Rxd6 42. Rc8+ Ke7 43. Rxh8 Rxb6 44. Rh7+ Kd6 45. Rxh5 Bc5 46. Kd3 Rb4 47. a5 Ra4 48. Rg5 Ra3+ 49. Kc4 Rxg3 50. Kb5 Rb3+ 51. Kc4 Rb4+ 52. Kc3 Ra4 53. Rg8 Rxa5 54. Rc8 Ra3+ 55. Kb2 Rf3 56. Rd8+ Kc7 57. Re8 g3 58. Rxe6 g2 59. Rg6 g1=Q 60. Rg7+ Kd6 61. Rxg1 Bxg1 62. Kc2 Kc5 63. Kd2 b5 64. Ke2 Rc3 65. Kd2 Kc4 66. Kd1 b4 67. Kd2 b3 68. Kd1 b2 0-1


[Site "https://www.chess.com"]

[Event "Titled Tuesday Blitz November 08 Early 2022"]
[White "Makridis, Dimitrios"]
[Black "Gracia Alvarez, Gerardo Antonio"]
[WhiteFideId "25864475"]
[BlackFideId "5109124"]
[WhiteElo "2272"]
[BlackElo "2139"]
[Result "1-0"]
[Round "06"]
[TimeControl "180+1"]
[Date "2022.11.09"]
[WhiteClock "0:00:59"]
[BlackClock "0:01:16"]

1. Nf3 c5 2. g3 g6 3. b4 Bg7 4. c3 cxb4 5. Bb2 Nc6 6. Bg2 bxc3 7. Bxc3 Nf6 8. O-O O-O 9. d3 d5 10. Na3 a6 11. Rc1 Qd6 12. Nc2 e5 13. Bb2 Re8 14. Nd2 b6 15. e4 Be6 16. Ne3 dxe4 17. Ndc4 Qb8 18. dxe4 b5 19. Nd6 Nd4 20. Nxe8 Qxe8 21. Bxd4 exd4 22. Qxd4 Bxa2 23. e5 Rd8 24. Qa1 1-0


[Site "https://www.chess.com"]

[Event "Titled Tuesday Blitz November 08 Early 2022"]
[White "Manon-og, Ramon Jr."]
[Black "Butolo, Alexandru-Mircea"]
[WhiteFideId "5200776"]
[BlackFideId "1261649"]
[WhiteElo "2271"]
[BlackElo "1897"]
[Result "0-1"]
[Round "06"]
[TimeControl "180+1"]
[Date "2022.11.09"]
[WhiteClock "0:02:34"]
[BlackClock "0:02:04"]

1. e4 c5 2. Nf3 Nc6 3. Bb5 e6 4. c4 Nge7 5. Nc3 a6 6. Ba4 g6 7. O-O Bg7 8. d3 O-O 9. Bg5 h6 10. Bh4 d6 11. Qd2 Qa5 12. Bb3 g5 13. Bg3 Rd8 14. h3 Nd4 15. Nxd4 cxd4 16. Ne2 Qxd2 0-1


[Site "https://www.chess.com"]

[Event "Titled Tuesday Blitz November 08 Early 2022"]
[White "Manukian, Artak"]
[Black "Zia, Tahsin Tajwar"]
[WhiteFideId "13301373"]
[BlackFideId "10211888"]
[WhiteElo "2130"]
[BlackElo "2061"]
[Result "1/2-1/2"]
[Round "06"]
[TimeControl "180+1"]
[Date "2022.11.09"]
[WhiteClock "0:01:25"]
[BlackClock "0:01:12"]

1. e4 c6 2. d4 d5 3. e5 Bf5 4. c4 e6 5. Nc3 Bb4 6. Qb3 Qb6 7. c5 Bxc3+ 8. bxc3 Qxb3 9. axb3 f6 10. f4 Nd7 11. b4 g5 12. exf6 gxf4 13. Bxf4 Ngxf6 14. Nf3 Ne4 15. Ra3 O-O 16. Ne5 Nxe5 17. Bxe5 Bg4 18. h3 Bh5 19. g4 Bg6 20. Bg2 Nf2 21. Rf1 Nd3+ 22. Kd2 Nxe5 23. Rxf8+ Rxf8 24. dxe5 a6 25. Ke3 h5 26. Ra1 hxg4 27. hxg4 Kg7 28. Rf1 Rh8 29. Rh1 Rf8 30. Rf1 Rh8 31. Rh1 Rf8 32. Rf1 1/2-1/2


[Site "https://www.chess.com"]

[Event "Titled Tuesday Blitz November 08 Early 2022"]
[White "Martin, Lewis"]
[Black "Buscar, Michael"]
[WhiteFideId "410551"]
[BlackFideId "2603616"]
[WhiteElo "2145"]
[BlackElo "2010"]
[Result "1-0"]
[Round "06"]
[TimeControl "180+1"]
[Date "2022.11.09"]
[WhiteClock "0:00:15"]
[BlackClock "0:00:47"]

1. e4 c5 2. Nf3 Nc6 3. d4 cxd4 4. Nxd4 Nf6 5. Nc3 e5 6. Ndb5 h6 7. Nd6+ Bxd6 8. Qxd6 Qe7 9. Qxe7+ Kxe7 10. Bd2 d5 11. exd5 Nb4 12. O-O-O Nbxd5 13. Nxd5+ Nxd5 14. Bxh6 Rxh6 15. Rxd5 f6 16. h3 Be6 17. Rd2 Rc8 18. Kb1 Rh4 19. Bd3 Rd4 20. Rhd1 Rcd8 21. Kc1 Bxa2 22. b3 a5 23. Bb5 R8d5 24. Rxd4 exd4 25. Bc4 Rc5 26. Kb2 b5 27. Bd3 Bxb3 28. cxb3 Rc3 29. Bxb5 Rc5 30. Bc4 a4 31. Rxd4 axb3 32. Kxb3 Rf5 33. f4 Ra5 34. g4 Ra1 35. Rd3 Rf1 36. f5 Rb1+ 37. Kc3 Rc1+ 38. Kd4 Kd6 39. Be6 Ke7 40. Ke4 Re1+ 41. Re3 Rh1 42. Kf4 Kf8 43. Rf3 Ke7 44. g5 g6 45. gxf6+ Kxf6 46. Kg3 gxf5 47. Bxf5 Kg5 48. Bg4 Rg1+ 49. Kf2 Rh1 50. Rf5+ Kg6 51. Ra5 Rh2+ 52. Kg3 Rh1 53. Kh4 Kf6 54. Ra6+ Kg7 55. Kg5 Rb1 56. h4 Rb5+ 57. Bf5 Ra5 58. Rxa5 1-0


[Site "https://www.chess.com"]

[Event "Titled Tuesday Blitz November 08 Early 2022"]
[White "Martinez Alcantara, Jose Eduardo"]
[Black "Remizov, Yaroslav"]
[WhiteFideId "3805662"]
[BlackFideId "34134015"]
[WhiteElo "2705"]
[BlackElo "2414"]
[Result "1-0"]
[Round "06"]
[TimeControl "180+1"]
[Date "2022.11.08"]
[WhiteClock "0:00:06"]
[BlackClock "0:00:01"]

1. e4 c5 2. Nf3 Nc6 3. c3 Nf6 4. Bd3 d6 5. h3 g5 6. Bc2 g4 7. hxg4 Bxg4 8. d3 Qd7 9. Bf4 O-O-O 10. Nbd2 Rg8 11. Qe2 e5 12. Bg3 d5 13. Bh4 Be7 14. Bxf6 Bxf6 15. Rxh7 d4 16. Bb3 Be6 17. Bxe6 Qxe6 18. g3 dxc3 19. bxc3 Rh8 20. Rh2 Rxh2 21. Nxh2 Qd6 22. Rc1 Qxd3 23. Qxd3 Rxd3 24. Ke2 Rd8 25. Nhf3 Rh8 26. Nc4 Kc7 27. Ne3 Bd8 28. a4 f6 29. Nd5+ Kd6 30. Nh4 Ke6 31. Rd1 Ne7 32. Ne3 a6 33. Rb1 b6 34. Nc4 Bc7 35. Ng2 Rb8 36. Na3 Rh8 37. Ne3 f5 38. exf5+ Nxf5 39. Nxf5 Kxf5 40. Nc4 Rb8 41. Ne3+ Ke6 42. Rh1 b5 43. Rh6+ Kd7 44. Rxa6 b4 45. Kd2 Rf8 46. Nd1 Rh8 47. Rf6 Bd6 48. Ne3 Ra8 49. Nc4 Bc7 50. a5 bxc3+ 51. Kxc3 Bxa5+ 52. Kd3 Bc7 53. Ke4 Ra2 54. Kd5 Rc2 55. Rf7+ Kc8 56. g4 Bd8 57. Nxe5 Rd2+ 58. Kc6 c4 59. Nxc4 Bc7 60. Nxd2 1-0


[Site "https://www.chess.com"]

[Event "Titled Tuesday Blitz November 08 Early 2022"]
[White "Mazurkiewicz, Michal"]
[Black "Zaksaite, Salomeja"]
[WhiteFideId "1124943"]
[BlackFideId "12801496"]
[WhiteElo "2063"]
[BlackElo "2079"]
[Result "1-0"]
[Round "06"]
[TimeControl "180+1"]
[Date "2022.11.09"]
[WhiteClock "0:00:10"]
[BlackClock "0:00:02"]

1. e4 c5 2. Nf3 e6 3. d3 Nc6 4. g3 g6 5. Bg2 Bg7 6. O-O Nge7 7. Re1 O-O 8. e5 d6 9. exd6 Qxd6 10. Nbd2 Nd5 11. Ne4 Qe7 12. c4 Nf6 13. Bg5 h6 14. Nxf6+ Bxf6 15. Bxh6 Rd8 16. Qe2 Bd7 17. Bf4 Rac8 18. Rad1 Qf8 19. h4 Qg7 20. Ne5 Be8 21. b3 Nd4 22. Qg4 b5 23. h5 g5 24. Bc1 Bxe5 25. h6 f5 26. hxg7 fxg4 27. Rxe5 bxc4 28. Bxg5 Rd6 29. dxc4 Ne2+ 30. Rxe2 Rxd1+ 31. Kh2 Kxg7 32. Rxe6 Bf7 33. Bf6+ Kf8 34. Ra6 Rc7 35. Be4 Be8 36. Bf5 Rf7 37. Bxg4 Rd2 38. Kg2 Rc2 39. Bh5 Rxf6 40. Rxf6+ Kg7 41. Rf5 Bxh5 42. Rxh5 Rxa2 43. Rxc5 Rb2 44. Rb5 Kf6 45. c5 Rc2 46. b4 Ke6 47. Rb7 Kd5 48. Rxa7 1-0


[Site "https://www.chess.com"]

[Event "Titled Tuesday Blitz November 08 Early 2022"]
[White "Mazzilli, Piero"]
[Black "Sernecki, Franciszek"]
[WhiteFideId "807087"]
[BlackFideId "1169297"]
[WhiteElo "2277"]
[BlackElo "2210"]
[Result "1-0"]
[Round "06"]
[TimeControl "180+1"]
[Date "2022.11.09"]
[WhiteClock "0:01:36"]
[BlackClock "0:01:38"]

1. e4 e6 2. Nf3 d5 3. Nc3 Bb4 4. exd5 exd5 5. d4 Nf6 6. Bd3 O-O 7. O-O Bg4 8. Bg5 c6 9. h3 Bh5 10. g4 Bg6 11. Ne5 Bxd3 12. Qxd3 h6 13. Bh4 g5 14. Bg3 Bxc3 15. bxc3 Nbd7 16. f3 Re8 17. Rfe1 Qa5 18. Re2 Re6 19. Rae1 Rae8 20. Nxd7 Nxd7 21. Rxe6 Rxe6 22. Rxe6 fxe6 23. Qg6+ Kh8 24. Qxh6+ Kg8 25. Qg6+ Kh8 26. Qe8+ 1-0


[Site "https://www.chess.com"]

[Event "Titled Tuesday Blitz November 08 Early 2022"]
[White "Melikhov, Evgeny V."]
[Black "Bagrationi, Alexander"]
[WhiteFideId "4122046"]
[BlackFideId "14104954"]
[WhiteElo "2169"]
[BlackElo "2398"]
[Result "1-0"]
[Round "06"]
[TimeControl "180+1"]
[Date "2022.11.09"]
[WhiteClock "0:00:04"]
[BlackClock "0:00:21"]

1. d4 Nf6 2. c4 g6 3. Nc3 Bg7 4. e4 O-O 5. Be3 d6 6. f3 e5 7. d5 a5 8. Qd2 Na6 9. O-O-O Nc5 10. Nge2 Nh5 11. g4 Nf6 12. Kb1 a4 13. Nc1 Ne8 14. Nd3 b6 15. Nb5 Bd7 16. Rc1 Bxb5 17. cxb5 f5 18. gxf5 gxf5 19. Bh3 Qh4 20. Bxf5 Bf6 21. Rcg1+ Kh8 22. Nxc5 bxc5 23. Rg4 Qh5 24. h4 Ng7 25. Be6 a3 26. b3 Rab8 27. Rhg1 Nxe6 28. dxe6 Rxb5 29. Bh6 Re8 30. Bg7+ Bxg7 31. Rxg7 Qxf3 32. Qh6 Rxb3+ 33. axb3 Qxb3+ 34. Kc1 Qc3+ 35. Kd1 Qd3+ 36. Kc1 Qxe4 37. Rg8+ Rxg8 38. Qf6+ 1-0


[Site "https://www.chess.com"]

[Event "Titled Tuesday Blitz November 08 Early 2022"]
[White "Melikyan, Gnel"]
[Black "Rakhmanov, Aleksandr"]
[WhiteFideId "54109990"]
[BlackFideId "4173708"]
[WhiteElo "2138"]
[BlackElo "2530"]
[Result "0-1"]
[Round "06"]
[TimeControl "180+1"]
[Date "2022.11.08"]
[WhiteClock "0:00:53"]
[BlackClock "0:01:10"]

1. e4 c5 2. Nf3 Nf6 3. e5 Nd5 4. Nc3 Nxc3 5. dxc3 Nc6 6. Bf4 Qb6 7. b3 Qc7 8. Qd2 e6 9. O-O-O a6 10. Bd3 h6 11. h4 b5 12. h5 c4 13. Be4 Bb7 14. Kb1 Ne7 15. Bxb7 Qxb7 16. Nd4 Nd5 17. Be3 Rc8 18. Ne2 b4 19. cxb4 Bxb4 20. Qc1 a5 21. Nf4 Nc3+ 22. Ka1 cxb3 23. axb3 a4 24. Qb2 0-1


[Site "https://www.chess.com"]

[Event "Titled Tuesday Blitz November 08 Early 2022"]
[White "Mesa Cruz, Juan Carlos"]
[Black "Chernov, Mikhail"]
[WhiteFideId "6423400"]
[BlackFideId "24143170"]
[WhiteElo "2059"]
[BlackElo "2113"]
[Result "0-1"]
[Round "06"]
[TimeControl "180+1"]
[Date "2022.11.09"]
[WhiteClock "0:00:47"]
[BlackClock "0:00:58"]

1. e4 c5 2. Nf3 Nc6 3. d4 cxd4 4. Nxd4 Nf6 5. Nc3 d6 6. Be2 e5 7. Nb3 Be7 8. O-O O-O 9. Bg5 a5 10. Bxf6 Bxf6 11. a4 Nb4 12. Bc4 Bg5 13. Qe2 Kh8 14. Nd5 Nxd5 15. Bxd5 Qe7 16. Nd2 f5 17. f3 Qc7 18. Nc4 Bd7 19. Qd3 f4 20. b3 Rf6 21. Na3 Raf8 22. Bc4 Qc5+ 23. Kh1 Rh6 24. Qd5 Qb6 25. Bb5 Be6 26. Qd2 Rff6 27. Qf2 Qd8 28. Rad1 Bh4 29. Qa7 Bg3 30. h3 Bxh3 31. gxh3 Rxh3+ 32. Kg1 Rg6 33. Rf2 Bxf2+ 34. Kxf2 Rh2+ 35. Ke1 Qh4+ 36. Kf1 Qh3+ 37. Ke1 Qg3+ 38. Kf1 Qg2+ 39. Ke1 Rh1+ 0-1


[Site "https://www.chess.com"]

[Event "Titled Tuesday Blitz November 08 Early 2022"]
[White "Mihailidis, Anastasios"]
[Black "Parpiev, Isaak"]
[WhiteFideId "4205588"]
[BlackFideId "34281576"]
[WhiteElo "2312"]
[BlackElo "2094"]
[Result "1-0"]
[Round "06"]
[TimeControl "180+1"]
[Date "2022.11.09"]
[WhiteClock "0:01:00"]
[BlackClock "0:00:26"]

1. e4 e5 2. Nf3 Nc6 3. d4 exd4 4. Nxd4 Nf6 5. Nc3 Bb4 6. Nxc6 bxc6 7. Bd3 d5 8. exd5 O-O 9. O-O cxd5 10. Bg5 c6 11. Qf3 h6 12. Bxf6 Qxf6 13. Qxf6 gxf6 14. Ne2 Rb8 15. Nd4 Bd7 16. Bf5 Bxf5 17. Nxf5 Kh7 18. c3 Bc5 19. b3 Rfe8 20. Rfe1 Bb6 21. Nd6 Rxe1+ 22. Rxe1 Kg6 23. g4 Kg5 24. h3 Kf4 25. Kg2 Rg8 26. Nxf7 h5 27. f3 f5 28. Nh6 Rh8 29. Nxf5 hxg4 30. hxg4 a5 31. Ng7 Kg5 32. Re6 Bc7 33. Nh5 Rh6 34. f4+ 1-0


[Site "https://www.chess.com"]

[Event "Titled Tuesday Blitz November 08 Early 2022"]
[White "Mirzoev, Azer"]
[Black "Balkum, Alexander"]
[WhiteFideId "13400304"]
[BlackFideId "2005069"]
[WhiteElo "2525"]
[BlackElo "2354"]
[Result "1-0"]
[Round "06"]
[TimeControl "180+1"]
[Date "2022.11.09"]
[WhiteClock "0:01:46"]
[BlackClock "0:00:01"]

1. e4 c5 2. Nc3 Nc6 3. g3 g6 4. Bg2 Bg7 5. d3 d6 6. h4 e6 7. h5 Nd4 8. Nge2 Ne7 9. Nxd4 cxd4 10. Ne2 Qa5+ 11. Bd2 Qb6 12. c3 Nc6 13. Qc2 Bd7 14. O-O-O Rc8 15. c4 Nb4 16. Qb3 a5 17. Kb1 Qa7 18. Bxb4 axb4 19. Qxb4 Rc6 20. Nc1 Rb6 21. Qd2 e5 22. f4 Bg4 23. Rdf1 f6 24. Bf3 Bxf3 25. Rxf3 Ke7 26. Rff1 h6 27. hxg6 1-0


[Site "https://www.chess.com"]

[Event "Titled Tuesday Blitz November 08 Early 2022"]
[White "Miszler, Levente"]
[Black "Prohorov, Olexandr"]
[WhiteFideId "763276"]
[BlackFideId "14105578"]
[WhiteElo "2176"]
[BlackElo "1993"]
[Result "0-1"]
[Round "06"]
[TimeControl "180+1"]
[Date "2022.11.09"]
[WhiteClock "0:00:02"]
[BlackClock "0:00:06"]

1. Nf3 g6 2. c4 Bg7 3. g3 c5 4. Bg2 Nc6 5. Nc3 Nf6 6. O-O O-O 7. d3 a6 8. a3 Rb8 9. Rb1 b5 10. cxb5 axb5 11. b4 cxb4 12. axb4 d5 13. Bf4 Rb6 14. Qb3 e6 15. Rfc1 Nh5 16. Bd2 Qd6 17. Rc2 Bb7 18. Na2 Nf6 19. Rbc1 Nd7 20. Rc5 Ra8 21. Bf4 Qe7 22. Bc7 Rba6 23. R5c2 Nd4 24. Nxd4 Bxd4 25. Nc3 Ra3 26. Qb1 Bxc3 27. Rxc3 Qf6 28. Rxa3 Rxa3 29. Ba5 Ne5 30. Qc2 Ng4 31. Bf3 Ne5 32. Bg2 Ng4 33. Rf1 Qe7 34. h3 Ne5 35. Rc1 Nc6 36. Qb2 Ra4 37. Bb6 Rxb4 38. Qc2 Ra4 39. Bc5 Qd7 40. Rb1 Ra8 41. Rxb5 Nd4 42. Qb2 Nxb5 43. Qb4 Bc6 44. e3 Ra1+ 45. Kh2 h5 46. d4 h4 47. gxh4 Ra8 0-1


[Site "https://www.chess.com"]

[Event "Titled Tuesday Blitz November 08 Early 2022"]
[White "Mohamed, Saeed Laily"]
[Black "Avazkhonov, Alikhon"]
[WhiteFideId "9314946"]
[BlackFideId "14208504"]
[WhiteElo "1874"]
[BlackElo "1739"]
[Result "1-0"]
[Round "06"]
[TimeControl "180+1"]
[Date "2022.11.09"]
[WhiteClock "0:00:15"]
[BlackClock "0:00:02"]

1. d4 Nf6 2. c4 e6 3. Nc3 Bb4 4. g3 d5 5. cxd5 exd5 6. Bg2 O-O 7. Bd2 c6 8. Nf3 Re8 9. O-O Nbd7 10. Qb3 Bd6 11. Bf4 Bxf4 12. gxf4 Ne4 13. e3 Nxc3 14. bxc3 Nf6 15. a4 Ne4 16. a5 a6 17. Ra2 Rb8 18. Ne5 Qd6 19. Bxe4 f6 20. Bxh7+ Kxh7 21. Qc2+ Kg8 22. Qg6 Re7 23. Rb1 Be6 24. Nf3 Qd7 25. Qg3 Bf5 26. Rb4 Be4 27. Rab2 Qf5 28. Nd2 Kf7 29. Nxe4 Qxe4 30. f5 Rbe8 31. Rxb7 Qxf5 32. R2b6 Qd3 33. Rb8 Qd1+ 34. Kg2 Qd3 35. Rxe8 Rxe8 36. Rxc6 Qe4+ 37. Qf3 Qg6+ 38. Qg3 Qe4+ 39. Qf3 Qg6+ 40. Kh1 1-0


[Site "https://www.chess.com"]

[Event "Titled Tuesday Blitz November 08 Early 2022"]
[White "Molina, Roberto Junio Brito"]
[Black "Crevatin, Leo"]
[WhiteFideId "2109450"]
[BlackFideId "1726307"]
[WhiteElo "2388"]
[BlackElo "2208"]
[Result "0-1"]
[Round "06"]
[TimeControl "180+1"]
[Date "2022.11.09"]
[WhiteClock "0:00:17"]
[BlackClock "0:00:08"]

1. e4 c5 2. Nf3 d6 3. d4 cxd4 4. Nxd4 Nf6 5. Nc3 Nc6 6. Bg5 e6 7. Qd2 a6 8. O-O-O Bd7 9. Kb1 Be7 10. h4 b5 11. f3 Nxd4 12. Qxd4 Qc7 13. Bd3 O-O 14. g4 b4 15. Ne2 e5 16. Qxb4 Rab8 17. Qd2 Be6 18. Be3 Nd7 19. Nc3 Rfc8 20. Nd5 Bxd5 21. exd5 a5 22. c4 e4 23. Bxe4 Bf6 24. Bd4 Qxc4 25. g5 Bxd4 26. Qxd4 Qb5 27. Rc1 Ne5 28. Ka1 a4 29. f4 Nd7 30. Rxc8+ Rxc8 31. Bf5 Rc5 32. Bxd7 Qxd7 33. Re1 g6 34. h5 gxh5 35. f5 Qc8 36. Qf4 Rxd5 37. f6 a3 38. Kb1 axb2 39. a4 Rc5 40. Rd1 Rc1+ 41. Rxc1 bxc1=Q+ 42. Qxc1 Qxc1+ 43. Kxc1 h4 0-1


[Site "https://www.chess.com"]

[Event "Titled Tuesday Blitz November 08 Early 2022"]
[White "Mosadeghpour, Masoud"]
[Black "Tarigan, Gilbert Elroy"]
[WhiteFideId "12519278"]
[BlackFideId "7108133"]
[WhiteElo "2393"]
[BlackElo "2284"]
[Result "1-0"]
[Round "06"]
[TimeControl "180+1"]
[Date "2022.11.08"]
[WhiteClock "0:01:45"]
[BlackClock "0:00:45"]

1. e4 c5 2. d4 cxd4 3. c3 d5 4. exd5 Qxd5 5. cxd4 Nc6 6. Nf3 e5 7. Nc3 Bb4 8. Bd2 Bxc3 9. Bxc3 e4 10. Nd2 Nf6 11. Bc4 Qg5 12. O-O Bh3 13. g3 Bxf1 14. Nxf1 O-O 15. d5 Rad8 16. Ne3 Ne5 17. h4 Qxe3 18. fxe3 Nxc4 19. Bxf6 gxf6 20. Qg4+ Kh8 21. Qxe4 Nd6 22. Qd4 Rfe8 23. Qxf6+ Kg8 24. Rf1 Rd7 25. Qg5+ Kf8 26. Qh6+ Kg8 27. Qg5+ Kf8 28. Rf6 Ne4 29. Qh6+ Kg8 30. Rf4 f5 31. Rxf5 Rg7 32. d6 Rxg3+ 33. Kh2 Rg6 34. d7 Rd8 35. Rf8+ Rxf8 36. Qxf8+ Kxf8 37. d8=Q+ Kf7 38. Qc7+ Kf6 39. Qf4+ 1-0


[Site "https://www.chess.com"]

[Event "Titled Tuesday Blitz November 08 Early 2022"]
[White "Muminova, Nafisa"]
[Black "Derjabin, Ilja"]
[WhiteFideId "14201526"]
[BlackFideId "14104768"]
[WhiteElo "2258"]
[BlackElo "2312"]
[Result "0-1"]
[Round "06"]
[TimeControl "180+1"]
[Date "2022.11.09"]
[WhiteClock "0:00:25"]
[BlackClock "0:00:18"]

1. e4 c5 2. Nf3 d6 3. Bb5+ Bd7 4. Bxd7+ Qxd7 5. O-O Nf6 6. Re1 e6 7. c3 Nc6 8. d4 cxd4 9. cxd4 d5 10. e5 Ne4 11. Nbd2 Nxd2 12. Bxd2 Be7 13. Rc1 O-O 14. Bg5 Bb4 15. Re3 h6 16. Bh4 Rac8 17. a3 Ba5 18. Bf6 Bd8 19. Nh4 g6 20. h3 Bxf6 21. exf6 Qd8 22. Rf3 Nxd4 23. Rxc8 Nxf3+ 24. Nxf3 Qxc8 25. Qd2 Kh7 26. Ne5 h5 27. g4 Qc7 28. Qg5 Rc8 29. Kg2 Qc1 30. Nxf7 d4 31. gxh5 Qxg5+ 32. Nxg5+ Kh6 33. Nxe6 d3 34. Kf3 d2 35. Ke2 Re8 36. Kxd2 Rxe6 37. hxg6 Kxg6 38. f7 Kxf7 39. h4 Kg6 40. h5+ Kxh5 41. f4 Kg4 42. Kd3 Kf5 43. Kd4 Kxf4 44. Kd5 Rb6 45. b4 Ra6 46. a4 Rxa4 47. Kc4 a5 48. Kb5 Rxb4+ 49. Kxa5 Re4 50. Kb6 Ke5 51. Kxb7 Rd4 0-1


[Site "https://www.chess.com"]